 Dungeon Crawl Stone Soup version 0.27.1 (webtiles) character file.

Game seed: 15781875952495401263

186166 Rrauwl the Severer (level 17, -9/140 HPs)
             Began as a Minotaur Abyssal Knight on Aug 26, 2021.
             Was the Champion of Lugonu.
             Killed from afar by a deep elf annihilator (50 damage)
             ... with a crystal spear
             ... on level 3 of the Elven Halls.
             The game lasted 02:03:47 (37544 turns).

Rrauwl the Severer (Minotaur Abyssal Knight)       Turns: 37544, Time: 02:03:48

Health: -9/140     AC: 15    Str: 35    XL:     17   Next: 83%
Magic:  14/14      EV: 19    Int:  9    God:    Lugonu [******]
Gold:   3127       SH: 20    Dex: 15    Spells: 16/16 levels left

rFire    . . .     SeeInvis +   a - +5 broad axe of the Original Sin {drain, rCorr}
rCold    . . .     Faith    .   x - +0 kite shield
rNeg     + . .     Spirit   .   M - +5 robe of Night {Dark Will+ SInv}
rPois    +         Reflect  +   (helmet restricted)
rElec    .         Harm     .   g - +2 cloak {rPois}
rCorr    +         Rampage  +   w - +1 pair of gloves "Winiami" {Rampage}
Will     ++...                  (no boots)
Stlth    ++........             n - amulet of reflection
HPRegen  0.33/turn              s - ring "Xialeask" {rN+ rCorr MP-9 Str+8}
MPRegen  0.14/turn              T - +6 ring of strength

@: no status effects
A: horns 2, retaliatory headbutt, iridescent scales 1, thin skeletal structure 1
a: Renounce Religion, Depart the Abyss, Bend Space, Banish, Corrupt, Enter the
Abyss, Brand Weapon With Distortion


You were on level 3 of the Elven Halls.
You worshipped Lugonu.
Lugonu was exalted by your worship.
You visited 5 branches of the dungeon, and saw 27 of its levels.
You visited the Abyss 1 time.
You also visited: Ossuary.

You collected 4084 gold pieces.
You spent 957 gold pieces at shops.

Inventory:

Hand Weapons
 a - the +5 broad axe of the Original Sin (weapon) {drain, rCorr}
   (You bought it in a shop on level 2 of the Orcish Mines)

   A truly terrible weapon, it drains the life of any living foe it strikes.
   rCorr:     It protects you from acid and corrosion.
 b - a +8 vorpal hand crossbow
 c - a +4 war axe of flaming
 t - a +4 executioner's axe of pain
 H - a +0 broad axe
Missiles
 d - 20 boomerangs of dispersal
 p - 346 bolts
 O - 2 throwing nets
Armour
 g - a +2 cloak of poison resistance (worn)
 l - a +3 plate armour of poison resistance
 w - the +1 pair of gloves "Winiami" (worn) {Rampage}
   (You found it on level 8 of the Dungeon)

   Rampage:   It bestows one free step when moving towards enemies.
 x - a +0 kite shield (worn)
 M - the +5 robe of Night (worn) {Dark Will+ SInv}
   (You found it on level 7 of the Dungeon)

   It shrouds the wearer in darkness, reducing the range at which they can see
   and be seen by others.
   SInv:      It lets you see invisible.
   Will:      It increases your willpower.
Magical Staves
 i - a staff of cold
Jewellery
 j - an amulet of guardian spirit
 n - an amulet of reflection (around neck)
 s - the ring "Xialeask" (left hand) {rN+ rCorr MP-9 Str+8}
   (You bought it in a shop on level 2 of the Elven Halls)

   [ring of positive energy]

   Str:       It affects your strength (+8).
   rN:        It protects you from negative energy.
   MP:        It affects your magic capacity (-9).
   rCorr:     It protects you from acid and corrosion.
 y - a ring of protection from cold
 E - a ring of flight
 F - a ring of wizardry
 R - a ring of willpower
 T - a +6 ring of strength (right hand)
Wands
 h - a wand of iceblast (11)
 m - a wand of digging (5)
 o - a wand of mindburst (24)
 A - a wand of polymorph (23)
 B - a wand of flame (56)
 I - a wand of paralysis (8)
Scrolls
 f - 2 scrolls of fog
 k - 20 scrolls of identify
 q - a scroll of holy word
 r - a scroll of magic mapping
 z - 6 scrolls of enchant armour
 C - a scroll of silence
 G - 2 scrolls of immolation
 K - a scroll of fear
 P - 2 scrolls of teleportation
Potions
 e - 4 potions of curing
 u - 3 potions of mutation
 v - 2 potions of cancellation
 D - a potion of ambrosia
 J - 6 potions of lignification


   Skills:
 - Level 10.0 Fighting
 - Level 18.0 Axes
 - Level 18.0 Crossbows
 - Level 10.0 Armour
 + Level 13.0 Dodging
 - Level 15.0 Shields
 - Level 10.0 Invocations
 - Level 5.0 Evocations


You had 16 spell levels left.
You didn't know any spells.
Your spell library contained the following spells:

 Spells                   Type           Power      Damage    Failure   Level
 Animate Skeleton         Necr           0%         N/A       38%         1
 Apportation              Tloc           0%         N/A       38%         1
 Foxfire                  Conj/Fire      0%         2x1d4     38%         1
 Pain                     Necr           0%         1d4       38%         1
 Sandblast                Erth           0%         2d4       38%         1
 Sting                    Tmut/Pois      0%         1d3       38%         1
 Passwall                 Tmut/Erth      0%         N/A       52%         2
 Poisonous Vapours        Pois/Air       0%         N/A       52%         2
 Sublimation of Blood     Necr           0%         N/A       52%         2
 Wereblood                Tmut           0%         N/A       52%         2
 Conjure Flame            Conj/Fire      0%         6-21      77%         3
 Ignite Poison            Fire/Tmut/Pois 0%         N/A       77%         3
 Inner Flame              Hex/Fire       0%         N/A       77%         3
 Portal Projectile        Hex/Tloc       0%         N/A       77%         3
 Spider Form              Tmut/Pois      0%         N/A       77%         3
 Stone Arrow              Conj/Erth      0%         3d7       77%         3
 Vampiric Draining        Necr           0%         2d6       77%         3
 Leda's Liquefaction      Hex/Erth       0%         N/A       99%         4
 Olgreb's Toxic Radiance  Pois           0%         N/A       99%         4
 Summon Ice Beast         Ice/Summ       0%         N/A       99%         4
 Summon Lightning Spire   Summ/Air       0%         N/A       99%         4
 Alistair's Intoxication  Tmut/Pois      0%         N/A       100%        5
 Blade Hands              Tmut           0%         N/A       100%        5
 Bolt of Magma            Conj/Fire/Erth 0%         4d4       100%        5
 Excruciating Wounds      Necr           0%         N/A       100%        5
 Fireball                 Conj/Fire      0%         3d3       100%        5
 Lee's Rapid Deconstruct  Erth           0%         3d5*      100%        5
 Summon Forest            Summ/Tloc      0%         N/A       100%        5
 Summon Mana Viper        Hex/Summ       0%         N/A       100%        5
 Dispersal                Tloc           0%         N/A       100%        6
 Invisibility             Hex            0%         N/A       100%        6
 Iron Shot                Conj/Erth      0%         9d1       100%        6
 Shadow Creatures         Summ           N/A        N/A       100%        6
 Statue Form              Tmut/Erth      0%         N/A       100%        6
 Monstrous Menagerie      Summ           0%         N/A       100%        7
 Storm Form               Tmut/Air       0%         N/A       100%        7
 Summon Hydra             Summ           0%         N/A       100%        7
 Disjunction              Tloc           0%         N/A       100%        8
 Shatter                  Erth           0%         3d5*      100%        9


Dungeon Overview and Level Annotations

Branches:
Dungeon (15/15)            Temple (1/1) D:4            Lair (6/6) D:9
 Shoals (0/4) Lair:2       Spider (0/4) Lair:2        Slime (0/5) Lair:5
    Orc (2/2) D:9             Elf (3/3) Orc:2        Vaults (0/5) D:14
Ossuary (visited)
 Depths: D:15

Altars:
Ashenzari
Cheibriados
Dithmenos
Elyvilon
Fedhas
Gozag
Hepliaklqana
Kikubaaqudgha
Makhleb
Nemelex Xobeh
Okawaru
Qazlal
Ru
Sif Muna
Trog
Uskayaw
Vehumet
Wu Jian
Xom
Yredelemnul
Zin
The Shining One
Beogh
Jiyva

Shops:
Orc:1 :   Orc:2 [=(((   Elf:2 =(*   Elf:3 :=:

Annotations:
D:6 5 runed translucent doors, BOMJPIETVODKU's ghost, novice DrFE; mora's ghost, novice HOBe
Elf:1 6 runed translucent doors


Innate Abilities, Weirdness & Mutations

You have a pair of horns on your head.
You reflexively headbutt those who attack you in melee.
You are partially covered in iridescent scales. (AC +2)
You have a somewhat thin skeletal structure. (Dex +2, Stealth+)


Message History

You slice the deep elf demonologist!!
Your headbutt misses the deep elf demonologist.
The deep elf demonologist is moderately wounded.
You miss the deep elf blademaster.
The deep elf demonologist gestures wildly while chanting.
You block the deep elf blademaster's attack. x2
A deep elf annihilator comes into view.
It is wielding a +0 long sword, wearing the +1 steam dragon scales of Eternal Vigilance {Slay+2 SInv} and wearing the ring of Elyvilon's Delight {Contam Will+ Str+10 SInv Stlth-}.
You barely miss the deep elf demonologist.
You headbutt the deep elf demonologist!
The deep elf demonologist is heavily wounded.
You slash the soul eater! You hit the deep elf blademaster.
The deep elf blademaster hits you with a +0 short sword!
The deep elf blademaster hits you but does no damage.
You block the deep elf demonologist's attack.
Unknown command.
You closely miss the deep elf demonologist.
The deep elf demonologist is heavily wounded.
You barely miss the soul eater. You slash the deep elf blademaster!
You slash the hellwing!
The deep elf blademaster hits you with a +0 short sword!
You block the deep elf blademaster's attack.
The soul eater draws from the surrounding life force!
The soul eater is healed.
The Tzitzimitl calls on the powers of darkness!
The deep elf annihilator convulses!
The orc convulses!
The deep elf demonologist convulses!
Your body is wracked with pain!
* * * LOW HITPOINT WARNING * * *
The deep elf blademaster convulses!
You slice the deep elf demonologist!!
You kill the deep elf demonologist!
Lugonu accepts your kill.
The soul eater disappears in a puff of smoke!
The hellwing disappears in a puff of smoke!
The Tzitzimitl disappears in a puff of smoke!
You closely miss the deep elf blademaster.
The deep elf blademaster completely misses you.
You block the deep elf blademaster's attack.
The deep elf annihilator casts a spell at you.
The crystal spear hits you!!!
You die...

..# ..# #### ..# #...
..# ..⌠..⌠. #... ..#
...... ##.# ..# ..§.
#..# ..##.
#####oe##### ##.#
..##. ...≈≈§.§≈...
#.## ..##.
...≈≈)@≈≈... #..#
#.##. ...≈≈e.≈≈...
##.#
..##.#####...≈≈))≈≈...
#.#
####..)).######[.#####
#.. #.##### #.)# ##.
#. #)[# #. #. #[.# ##.
#. #..# ##?. #. #[.#
#...


You could see a deep elf blademaster (drained), a deep elf annihilator and an
orc.

Vanquished Creatures
  4 deep elf sorcerers
  An orc warlord (Orc:2)
  3 deep elf elementalists (Elf:3)
  The ghost of moritonal the Marksminotaur, a journeyman MiHu of Ashenzari (Elf:1)
  8 deep elf demonologists
  Azrael (Elf:1)
  3 deep elf annihilators (Elf:3)
  4 deep elf death magi
  Snorg (D:11)
  The ghost of Fiha the Thaumaturge, a journeyman VSTm of Dithmenos (Lair:4)
  3 deep elf high priests
  Erolcha (D:10)
  Fannar (Lair:3)
  6 centaur warriors
  6 hydras
  Erica (D:8)
  3 catoblepae (Lair:6)
  2 death knights (D:13)
  An ogre mage (D:14)
  8 two-headed ogres
  2 boulder beetles
  An anaconda (Lair:4)
  43 dancing weapons
  12 death yaks
  8 orc high priests
  19 deep elf knights
  Sonja (Lair:4)
  A death drake (shapeshifter) (D:14)
  A glowing orange brain (D:14)
  A phantasmal warrior (D:13)
  A wizard (D:14)
  Pikel (D:6)
  11 deep elf archers
  5 orc knights (Orc:2)
  21 deep elf pyromancers
  An oklob plant (Lair:6)
  13 ugly things
  26 deep elf zephyrmancers
  4 cyclopes
  9 orc sorcerers
  3 manticores
  Maurice (D:9)
  Joseph (D:7)
  10 elephants
  3 torpor snails
  3 centaur zombies
  3 black mambas
  Maggie (D:6)
  6 cane toads
  A kobold demonologist (D:14)
  An unseen horror (D:12)
  9 komodo dragons
  A komodo dragon (shapeshifter) (Elf:2)
  6 yaktaurs (D:14)
  4 rime drakes
  4 freezing wraiths
  A tengu conjurer (D:13)
  6 trolls
  Prince Ribbit (D:9)
  4 jumping spiders (Lair:2)
  3 meliai (D:13)
  2 polar bears
  Grinder (D:3)
  A blink frog (shapeshifter) (D:14)
  A snapping turtle (Lair:2)
  9 slime creatures
  22 dream sheep
  3 blink frogs (Lair:6)
  3 redbacks (Lair:2)
  An air elemental (Elf:1)
  4 shadows
  4 water elementals
  A wraith (D:13)
  Sigmund (D:4)
  A wyvern (D:9)
  65 yaks
  7 fire elementals
  6 basilisks
  4 chaos spawn (Elf:3)
  A redback simulacrum (D:14)
  3 wargs
  Edmund (D:6)
  3 hell hounds (Elf:1)
  An acid dragon (D:12)
  Duvessa (D:6)
  17 water moccasins
  A hornet zombie (D:9)
  32 orc warriors
  2 sky beasts
  4 black bears
  A necrophage (D:6)
  A wolf (shapeshifter) (D:14)
  21 ogres
  A boggart (D:14)
  13 centaurs
  15 wolves
  7 kobold brigands
  15 bullfrogs
  A scorpion (D:7)
  A wyvern zombie (D:7)
  2 earth elementals
  Dowan (D:6)
  2 water moccasin skeletons
  13 killer bees
  7 wights
  3 howler monkeys
  The ghost of Malachi the Digger, a weakling OpEE (D:3)
  2 bullfrog zombies
  7 hounds
  2 jellies
  2 bullfrog skeletons
  3 gnoll shamans
  20 orc priests
  2 iguanas
  32 orc wizards
  6 hell rats (Lair:2)
  3 killer bee zombies
  A hound zombie (D:5)
  3 mummies
  17 gnolls
  A howler monkey zombie (D:9)
  9 adders
  A shadow imp (D:6)
  2 white imps
  An adder skeleton (D:4)
  A worm (D:3)
  4 dart slugs
  78 orcs
  2 bats
  6 endoplasms
  9 goblins
  4 hobgoblins
  4 jackals (D:1)
  21 kobolds
  2 quokkas
  3 ball pythons
  2 frilled lizards
  4 goblin zombies (Ossuary)
  7 hobgoblin zombies (Ossuary)
  4 jackal zombies (Ossuary)
  11 kobold zombies (Ossuary)
  8 orc zombies (Ossuary)
  8 rats
  A rat zombie (Ossuary)
  A bush (Lair:6)
913 creatures vanquished.

Vanquished Creatures (others)
  A deep elf knight (Elf:1)
  A deep elf zephyrmancer (Elf:1)
  An orc wizard (Elf:3)
  7 orcs
  A bush (Lair:6)
  28 fungi
  60 plants
99 creatures vanquished.

Grand Total: 1012 creatures vanquished

Notes
Turn   | Place    | Note
-------+----------+-------------------------------------------
     0 | Abyss:1  | Rrauwl the Minotaur Abyssal Knight began the quest for the
                  | Orb.
     0 | Abyss:1  | Reached XP level 1. HP: 19/19 MP: 1/1
    40 | D:1      | Escaped the Abyss
   308 | D:1      | Reached XP level 2. HP: 23/27 MP: 2/2
   703 | D:1      | Reached ** piety under Lugonu
   796 | D:1      | Reached XP level 3. HP: 33/33 MP: 3/3
  1188 | D:1      | Found a faded altar of an unknown god.
  2410 | D:3      | Reached XP level 4. HP: 38/40 MP: 4/4
  2439 | D:3      | Found an iron altar of Okawaru.
  2457 | D:3      | Reached skill level 5 in Axes
  2671 | D:3      | Reached XP level 5. HP: 39/46 MP: 5/5
  2757 | D:3      | Noticed Grinder
  2773 | D:3      | Killed Grinder
  2774 | D:3      | Reached XP level 6. HP: 33/52 MP: 6/6
  3012 | D:3      | Found a runed translucent door.
  3012 | D:3      | Noticed Malachi's ghost (weakling OpEE)
  3228 | D:3      | Killed Malachi's ghost
  3349 | D:4      | Reached XP level 7. HP: 57/59 MP: 7/7
  3367 | D:4      | Reached *** piety under Lugonu
  3789 | D:4      | Found a staircase to the Ecumenical Temple.
  3793 | D:4      | Reached skill level 10 in Axes
  3794 | D:4      | Noticed Sigmund
  3804 | D:4      | Killed Sigmund
  3857 | Temple   | Entered the Ecumenical Temple
  4222 | D:4      | Found a burning altar of Makhleb.
  4449 | D:5      | Entered Level 5 of the Dungeon
  4537 | D:5      | Reached skill level 1 in Shields
  4537 | D:5      | Reached XP level 8. HP: 52/66 MP: 8/8
  5023 | D:5      | Gained mutation: You are partially covered in iridescent
                  | scales. (AC +2) [potion of mutation]
  5023 | D:5      | Gained mutation: You have a somewhat thin skeletal
                  | structure. (Dex +2, Stealth+) [potion of mutation]
  5114 | D:5      | Identified a scroll of acquirement
  5114 | D:5      | Acquired a +1 cloak of poison resistance
  5307 | D:6      | Noticed Maggie
  5321 | D:6      | Killed Maggie
  5322 | D:6      | Reached skill level 5 in Shields
  5424 | D:6      | Reached XP level 9. HP: 52/71 MP: 9/9
  5553 | D:6      | Noticed Edmund
  5554 | D:6      | Noticed Dowan
  5569 | D:6      | Killed Edmund
  5573 | D:6      | Noticed Duvessa
  5582 | D:6      | Reached **** piety under Lugonu
  5590 | D:6      | Killed Duvessa
  5592 | D:6      | Killed Dowan
  5759 | D:6      | Found a runed translucent door.
  5825 | D:6      | Noticed BOMJPIETVODKU's ghost (novice DrFE)
  5947 | D:6      | Found a runed translucent gate.
  5947 | D:6      | Found a runed translucent gate.
  5947 | D:6      | Found a runed translucent gate.
  5947 | D:6      | Noticed mora's ghost (novice HOBe)
  5957 | D:6      | Found a basalt altar of Yredelemnul.
  6341 | D:6      | Found a runed translucent door.
  6498 | D:7      | Noticed Pikel
  6498 | D:7      | Found a shimmering blue altar of Sif Muna.
  6510 | D:6      | Killed Pikel
  6533 | D:7      | Noticed Joseph
  6546 | D:7      | Killed Joseph
  6552 | D:7      | Reached XP level 10. HP: 70/78 MP: 10/10
  6626 | D:7      | Found a sacrificial altar of Ru.
  6707 | D:7      | Found a sand-covered staircase.
  6713 | D:7      | You fall into a shaft and drop 3 floors!
  6713 | D:10     | Entered Level 10 of the Dungeon
  6713 | D:10     | Noticed a two-headed ogre
  6713 | D:10     | Found a hide-covered altar of Uskayaw.
  6817 | D:10     | Noticed Erolcha
  6943 | D:8      | Reached skill level 10 in Shields
  7117 | D:7      | Reached ***** piety under Lugonu
  7131 | Ossuary  | Entered an ossuary
  7731 | D:7      | Found the +5 robe of Night {Dark Will+ SInv}
  8127 | D:8      | Found a transporter.
  8127 | D:8      | Found a transporter.
  8187 | D:8      | Reached skill level 15 in Axes
  8412 | D:8      | Found a shadowy altar of Dithmenos.
  8570 | D:8      | Noticed Erica
  8585 | D:8      | Killed Erica
  8586 | D:8      | Reached XP level 11. HP: 61/85 MP: 11/11
  8970 | D:8      | Identified the +1 pair of gloves "Winiami" {Rampage}
  9050 | D:9      | Noticed Prince Ribbit
  9062 | D:9      | Killed Prince Ribbit
  9137 | D:9      | Found a staircase to the Lair.
  9152 | D:9      | Reached skill level 5 in Fighting
  9276 | D:9      | Reached ****** piety under Lugonu
  9337 | D:9      | Found a staircase to the Orcish Mines.
  9429 | D:9      | Noticed Maurice
  9451 | D:9      | Killed Maurice
  9778 | D:9      | Found a snail-covered altar of Cheibriados.
  9971 | D:10     | Reached skill level 5 in Invocations
 10136 | D:10     | Got the Incunabulum of Floating Conjuration
 10174 | D:10     | Killed a two-headed ogre
 10393 | D:10     | Killed Erolcha
 10561 | D:10     | Found an ancient bone altar of Kikubaaqudgha.
 10994 | Lair:1   | Entered Level 1 of the Lair of Beasts
 11291 | Lair:1   | Reached XP level 12. HP: 94/94 MP: 14/14
 11983 | Lair:2   | Reached skill level 1 in Evocations
 12243 | Lair:2   | Found a staircase to the Shoals.
 12340 | Lair:2   | Noticed an eight-headed hydra
 12346 | Lair:2   | Killed an eight-headed hydra
 12537 | Lair:2   | Found a hole to the Spider Nest.
 12544 | Lair:2   | Reached skill level 5 in Dodging
 12863 | Lair:3   | Noticed a death yak
 12872 | Lair:3   | Killed a death yak
 12873 | Lair:3   | Noticed a death yak
 12882 | Lair:3   | Killed a death yak
 12882 | Lair:3   | Noticed a death yak
 12886 | Lair:3   | Noticed a death yak
 12895 | Lair:3   | Killed a death yak
 12902 | Lair:3   | Killed a death yak
 12905 | Lair:3   | Reached skill level 15 in Shields
 13070 | Lair:3   | HP: 1/94 [dream sheep[a torpor snail] (22)]
 13392 | Lair:3   | Reached XP level 13. HP: 91/100 MP: 15/15
 13531 | Lair:3   | Noticed Fannar
 13544 | Lair:3   | Killed Fannar
 13705 | Lair:3   | Reached skill level 1 in Crossbows
 14056 | Lair:3   | You fall into a shaft and drop 3 floors!
 14056 | Lair:6   | Entered Level 6 of the Lair of Beasts
 14580 | Lair:4   | Noticed Sonja
 14583 | Lair:4   | Killed Sonja
 14705 | Lair:4   | Noticed Fiha's ghost (journeyman VSTm)
 14712 | Lair:4   | Found a transporter.
 14978 | Lair:4   | Found a transporter.
 15640 | Lair:4   | Killed Fiha's ghost
 15775 | Lair:4   | Got Roxanne's Disquisition on Mutagenic Stones
 15860 | Lair:5   | Found a viscous altar of Jiyva.
 15860 | Lair:5   | Found a staircase to the Slime Pits.
 16982 | Lair:6   | Identified the +2 scale mail "Joek Lie" {MP-9 Int+7 SInv}
 17289 | Lair:6   | Reached skill level 5 in Crossbows
 17682 | Lair:6   | Reached XP level 14. HP: 111/113 MP: 18/18
 18405 | Lair:6   | Reached skill level 10 in Crossbows
 19131 | Orc:1    | Entered Level 1 of the Orcish Mines
 19132 | Orc:1    | Found Osyak's Book Shoppe.
 19406 | Orc:2    | Entered Level 2 of the Orcish Mines
 19406 | Orc:2    | Found a staircase to the Elven Halls.
 19408 | Orc:2    | Found a burning altar of Makhleb.
 19772 | Orc:2    | HP: 3/113 [sun demon[an orc high priest] (12)]
 20988 | Orc:2    | Found Isul's Antique Weapon Shoppe.
 21032 | Orc:2    | Bought a dazzling broad axe for 207 gold pieces
 21032 | Orc:2    | Identified the +5 broad axe of the Original Sin {drain,
                  | rCorr} (You bought it in a shop on level 2 of the Orcish
                  | Mines)
 21606 | Orc:2    | Found Vuakey's Antique Armour Emporium.
 21608 | Orc:2    | Found Xeiptusk's Jewellery Shop.
 21617 | Orc:2    | Found Qasuc's Weapon Shop.
 21619 | Orc:2    | Found Qeud's Weapon Emporium.
 21623 | Orc:2    | Bought a +1 arbalest of flaming for 181 gold pieces
 22070 | Orc:2    | Noticed an orc warlord
 22088 | Orc:2    | Killed an orc warlord
 22089 | Orc:2    | Reached XP level 15. HP: 76/118 MP: 19/19
 22589 | D:11     | Noticed Snorg
 22598 | D:11     | Killed Snorg
 23003 | D:11     | Identified the +3 crystal plate armour of the Equator
                  | {rPois rN+ Stlth+}
 23263 | D:12     | You fall into a shaft and drop 2 floors!
 23588 | D:15     | Entered Level 15 of the Dungeon
 23985 | D:15     | Reached skill level 5 in Armour
 24507 | D:14     | Found a gate to the Vaults.
 24620 | D:14     | Reached skill level 15 in Crossbows
 25026 | D:14     | Found a hazy altar of Hepliaklqana.
 27198 | D:12     | Found a shimmering altar of Xom.
 27213 | D:12     | Found a shimmering altar of Xom.
 27222 | D:12     | Found a shimmering altar of Xom.
 27222 | D:12     | Found a shimmering altar of Xom.
 27586 | Elf:1    | Entered Level 1 of the Elven Halls
 27664 | Elf:1    | Reached skill level 10 in Armour
 28021 | Elf:1    | Found a large runed translucent door.
 28022 | Elf:1    | Found a large runed translucent door.
 28201 | Elf:1    | Reached XP level 16. HP: 84/126 MP: 20/20
 29029 | Elf:1    | Noticed Azrael
 29037 | Elf:1    | Killed Azrael
 29968 | Elf:1    | HP: 2/126 [deep elf high priest/divine providence (15)]
 30375 | Elf:1    | Paralysed by an air elemental for 1 turns
 30429 | Elf:1    | Noticed moritonal's ghost (journeyman MiHu)
 30447 | Elf:1    | Killed moritonal's ghost
 30747 | Elf:1    | Found a runed translucent gate.
 30747 | Elf:1    | Found a runed translucent gate.
 30747 | Elf:1    | Found a runed translucent gate.
 30747 | Elf:1    | Found a runed translucent gate.
 30747 | Elf:1    | Found a runed translucent gate.
 30748 | Elf:1    | Found a runed translucent gate.
 30851 | Elf:1    | Found a hide-covered altar of Uskayaw.
 31947 | Elf:2    | Found Yppufaomyxt's General Store.
 32172 | Elf:3    | Entered Level 3 of the Elven Halls
 32593 | Elf:2    | Found Ciushr Moni's Antique Weapon Boutique.
 32593 | Elf:2    | Found Vedit's Assorted Antiques.
 32596 | Elf:2    | Bought a scroll of holy word for 142 gold pieces
 32603 | Elf:2    | Found Heuceej's Jewellery Shop.
 32612 | Elf:2    | Bought the ring "Xialeask" {rN+ rCorr MP-9 Str+8} for 427
                  | gold pieces
 32865 | Elf:2    | Reached skill level 5 in Evocations
 32947 | Elf:2    | Found a runed translucent gate.
 32948 | Elf:2    | Found a runed translucent gate.
 32948 | Elf:2    | Found a runed translucent gate.
 33636 | Elf:2    | Reached XP level 17. HP: 23/137 MP: 1/22
 33820 | Elf:2    | HP: 3/138 [+0 vorpal trident (8)]
 35176 | Elf:3    | Reached skill level 10 in Fighting
 35336 | Elf:3    | Identified the +9 spear "Guowysch" {vorpal, Str+3 Dex+2}
 35353 | Elf:3    | Reached skill level 10 in Dodging
 35375 | Elf:3    | Reached skill level 10 in Invocations
 36117 | Elf:3    | Found Codgh's Book Emporium.
 36117 | Elf:3    | Found Tosic's Book Emporium.
 36118 | Elf:3    | Found Lice Izu's Jewellery Boutique.
 37530 | Elf:3    | Noticed a deep elf blademaster
 37533 | Elf:3    | Identified the +1 great mace of a Labyrinth {speed, rN+
                  | Str+5 Int-3}
 37541 | Elf:3    | Identified the +1 steam dragon scales of Eternal Vigilance
                  | {Slay+2 SInv}
 37541 | Elf:3    | Identified the ring of Elyvilon's Delight {Contam Will+
                  | Str+10 SInv Stlth-}
 37542 | Elf:3    | Noticed a Tzitzimitl
 37544 | Elf:3    | Killed from afar by a deep elf annihilator

Illustrated notes

Levels and vault maps discovered:
D:1:      heliophobic_arrival_enchanted_forest, layout_basic,
          shapermc_ecumenical_altar_pompeii
D:2:      layout_basic
D:3:      layout_rooms, okawaru_ov_weapons_minmay, ebering_ghost_inner_flame,
          hangedman_abyss_or_decor_stabs, minivault_26, uniq_grinder
D:4:      layout_loops_ring, makhleb_heckhound_becter,
          minmay_temple_entry_crystal_x, uniq_sigmund
D:5:      layout_gridville
D:6:      layout_basic, nicolae_yredelemnul_ghost_church, ebering_ghost_sewer_f,
          uniq_duvessa, uniq_edmund, uniq_maggie
D:7:      layout_cave_pools, mainiacjoe_overflow_surrounded_room,
          nicolae_sif_muna_condensation, enter_ossuary_2,
          hellmonk_guarded_unrand_night, uniq_joseph, uniq_pikel
D:8:      gammafunk_beogh_shrine, layout_loops_cross, grunt_dithmenos_smoke,
          uniq_erica
D:9:      layout_small_grid, slow_altar_1, david_lair_generic, david_orc_2,
          uniq_maurice, uniq_prince_ribbit1
D:10:     layout_loops_corners, mainiacjoe_overflow_catwalk_spiral, uniq_erolcha
D:11:     layout_cave_pods, uniq_snorg
D:12:     layout_long_grid, xom_shifter_show
D:13:     layout_roguey
D:14:     minmay_blocky_corners, layout_basic,
          hangedman_vaults_entry_quadrant_bands, enter_bailey_3,
          nzn_hepliaklqana_mist_gate
D:15:     grunt_enter_depths_hoard, layout_long_grid,
          ebering_ghost_funeral_grove, minmay_misc_feat_rugged, uniq_jorgrun,
          uniq_kirke
Temple:   nicolae_temple_figure_eight
Lair:1:   layout_roguey
Lair:2:   layout_roguey, minmay_shoals_entry_hut,
          nicolae_spider_entry_tight_spaces
Lair:3:   layout_chaotic_city, serial_bayou_lagoon_a, grunt_megastairs_5,
          uniq_fannar
Lair:4:   layout_small_grid, gammafunk_ghost_arena, uniq_sonja
Lair:5:   layout_cave_pods, slime_altar_1, chequers_serial_rivers_micro_c,
          grunt_megastairs_1
Lair:6:   evilmike_catoblepas_cave, layout_small_grid, gauntlet_entry_generic,
          minmay_lair_oklob_items, lemuel_fruit_tree
Orc:1:    layout_diamond_mine, serial_shops, shop_statue
Orc:2:    st_orc_elflike, layout_caves, serial_shops, nicolae_shop_waterfront,
          basic_altar, elf_legates
Elf:1:    layout_geoelf_grid, ebering_ghost_disaster_area, orc_legates,
          drop_trap, nicolae_elf_altarnating, uniq_azrael
Elf:2:    nicolae_elf_blades_crystal_corner, layout_geoelf_octagon,
          minmay_shoptagon, uniq_donald
Elf:3:    elf_hall_gauntlet_wide, layout_loops_corners,
          nicolae_elf_free_trip_to_the_abyss, minmay_shop_grove

Skill      XL: |  1  2  3  4  5  6  7  8  9 10 11 12 13 14 15 16 17 |
---------------+----------------------------------------------------+-----
Invocations    | 2 5 7 8 10 | 10.0
Fighting       | 4 5 7 9 10 | 10.0
Armour         | 3 4 10 | 10.0
Dodging        | 2 3 5 7 8 13 | 13.0
Axes           | 4 5 7 8 10 12 13 15 16 17 18 | 18.0
Shields        | 1 6 9 11 13 15 | 15.0
Evocations     | 3 4 5 |  5.0
Crossbows      | 7 13 16 18 | 18.0

Action                   |  1- 3 |  4- 6 |  7- 9 | 10-12 | 13-15 | 16-18 || total
-------------------------+-------+-------+-------+-------+-------+-------++-------
Melee: Hand axe          |    77 |    98 |   237 |       |       |       ||   412
       Headbutt          |     7 |    18 |    45 |   125 |   303 |   127 ||   625
       War axe           |       |       |    29 |   637 |   645 |       ||  1311
       Morningstar       |       |       |       |     2 |    29 |       ||    31
       Broad axe         |       |       |       |       |   460 |   570 ||  1030
 Fire: Hand crossbow     |       |       |       |       |       |   141 ||   141
Evoke: Wand              |       |       |       |     3 |    22 |     9 ||    34
  Use: Scroll            |     3 |     2 |     5 |     5 |     4 |    10 ||    29
       Potion            |     3 |     2 |     6 |     7 |     7 |     8 ||    33
 Stab: Distracted        |       |       |     2 |     2 |     2 |     1 ||     7
       Invisible         |       |       |     5 |       |    11 |     3 ||    19
       Sleeping          |       |       |       |    16 |    23 |     5 ||    44
Armor: Leather armour    |    20 |       |       |       |       |       ||    20
       Ring mail         |     2 |    21 |    34 |       |       |       ||    57
       Acid dragon scale |       |       |    18 |    21 |       |       ||    39
       Robe              |       |       |       |    43 |   141 |    66 ||   250
Dodge: Dodged            |    44 |    46 |    82 |   151 |   267 |   114 ||   704
Block: Other             |       |     3 |    11 |       |       |       ||    14
       Kite shield       |       |       |   114 |   389 |   628 |   286 ||  1417
       Reflection        |       |       |     8 |    10 |    22 |    37 ||    77
